Boston Bruins vs Montreal Canadiens
Created - Sunday, September 10, 2023 at 06:25
Goals
|
| Boston Bruins |
1 |
0 |
0 |
1 |
| Montreal Canadiens |
2 |
2 |
1 |
5 |
|
Shots
|
| Boston Bruins |
6 |
5 |
13 |
24 |
| Montreal Canadiens |
25 |
7 |
21 |
53 |
|
1st period
1. Montreal Canadiens , Filip Forsberg 5 (Patrik Laine 12, Adam Fox 8) at 6:45 (PP)
2. Boston Bruins , Joe Veleno 4 (John-Jason Peterka 6, Charlie McAvoy 8) at 7:57
3. Montreal Canadiens , Filip Forsberg 6 (Sidney Crosby 16) at 11:38 (PP)
Penalties :
Sidney Crosby (MTL) for Goalie Interference (Minor) at 0:09, Charlie McAvoy (BOS) for High sticking (Minor) at 6:34, Charlie McAvoy (BOS) for Hooking (Minor) at 8:42, Austin Wagner (BOS) for Interference (Minor) at 11:37
2nd period
4. Montreal Canadiens , Tyson Jost 2 (Jonathan Marchessault 6, Scott Mayfield 2) at 2:54
5. Montreal Canadiens , Jonathan Marchessault 3 (Martin Necas 4, Tyson Jost 2) at 8:23
Penalties :
Adam Fox (MTL) for Tripping (Minor) at 3:07, Brandon Hagel (BOS) for Roughing (Minor) at 8:28, Filip Forsberg (MTL) for Hooking (Minor) at 17:04
3rd period
6. Montreal Canadiens , Evgeni Dadonov 2 (Vladislav Namestnikov 1, Brady Skjei 3) at 18:12
Penalties :
No Penalty
Goalie Stats
Pyotr Kochetkov (BOS), 48 saves from 53 shots - (0.906), L, 4-7-1, 60:00 minutes
Jacob Markstrom (MTL), 23 saves from 24 shots - (0.958), W, 8-5-1, 60:00 minutes
Players Stats for Boston Bruins
Player Name G A P +/- PIM S H SB GA TA FO MP PP MP PK MP
------------------------------------------------------------------------------------
Anthony Beauvillier 0 0 0 -1 0 3 2 1 3 1 1/2 18:58 3:00 2:23
Austin Wagner 0 0 0 0 2 1 4 0 0 1 0/0 9:47 0:00 0:00
Brandon Hagel 0 0 0 -1 2 2 1 0 0 0 1/4 18:53 2:56 1:00
Charlie McAvoy 0 1 1 -1 4 4 2 3 0 0 0/0 24:57 2:14 1:24
Dylan Gambrell 0 0 0 0 0 2 2 0 1 0 3/6 9:48 0:00 0:00
Joe Veleno 1 0 1 0 0 1 0 0 0 0 3/7 12:21 0:00 0:39
Joel Farabee 0 0 0 -1 0 1 1 0 0 0 0/1 15:40 3:00 0:00
John-Jason Peterka 0 1 1 0 0 1 2 1 1 0 0/0 12:02 0:01 0:00
Mathieu Olivier 0 0 0 0 0 1 1 0 0 1 0/0 10:08 0:01 0:00
Matt Grzelcyk 0 0 0 -1 0 0 0 1 0 0 0/0 13:31 0:00 0:27
Nicholas Merkley 0 0 0 0 0 0 2 0 0 0 0/0 12:02 0:01 0:00
Pavel Zacha 0 0 0 -1 0 2 0 1 1 1 8/27 19:10 2:56 1:45
Phil Kessel 0 0 0 -1 0 0 1 1 0 0 0/0 20:43 2:56 2:23
Ryan Donato 0 0 0 -1 0 0 1 0 0 0 7/16 15:38 3:00 0:10
Samuel Girard 0 0 0 0 0 1 0 0 0 0 0/0 21:14 3:43 1:25
Sean Durzi 0 0 0 0 0 5 1 2 0 0 0/0 21:14 3:43 1:25
Tyson Barrie 0 0 0 -1 0 0 1 4 0 1 0/0 26:20 2:14 2:45
Victor Mete 0 0 0 -1 0 0 0 0 0 1 0/0 13:20 0:00 0:54
Players Stats for Montreal Canadiens
Player Name G A P +/- PIM S H SB GA TA FO MP PP MP PK MP
------------------------------------------------------------------------------------
Adam Fox 0 1 1 1 2 3 1 0 1 2 0/0 26:16 2:52 1:59
Brady Skjei 0 1 1 1 0 1 0 0 0 0 0/0 22:07 1:18 1:03
Christian Fischer 0 0 0 0 0 2 0 1 0 1 0/0 12:11 0:00 2:53
Evgeni Dadonov 1 0 1 0 0 4 0 1 1 0 0/0 9:44 0:00 0:40
Filip Forsberg 2 0 2 0 2 5 0 0 1 0 0/2 18:08 1:11 0:00
Filip Hronek 0 0 0 1 0 3 0 2 1 0 0/0 21:25 2:52 0:33
Jake Evans 0 0 0 0 0 3 1 0 0 0 4/8 15:34 2:59 2:52
Jonathan Marchessault 1 1 2 2 0 8 3 0 1 0 0/0 17:44 2:59 0:00
Marco Scandella 0 0 0 0 0 0 0 0 0 1 0/0 14:46 0:00 2:32
Martin Necas 0 1 1 2 0 7 1 0 0 0 0/0 17:56 2:59 0:12
Miles Wood 0 0 0 0 0 3 2 0 0 0 0/0 9:01 0:00 0:00
Patrik Laine 0 1 1 0 0 6 2 1 0 1 0/1 17:47 1:11 0:00
Scott Mayfield 0 1 1 0 0 1 1 0 0 0 0/0 14:59 0:00 2:32
Sidney Crosby 0 1 1 0 2 3 2 0 0 0 27/35 18:31 1:11 0:42
Tomas Nosek 0 0 0 0 0 0 0 2 0 0 0/0 11:44 0:00 2:38
Tyler Myers 0 0 0 1 0 1 1 2 1 1 0/0 20:29 1:18 3:15
Tyson Jost 1 1 2 2 0 1 6 1 0 0 7/15 16:37 0:00 1:57
Vladislav Namestnikov 0 1 1 0 0 2 0 0 0 0 2/2 9:01 0:00 0:00
3 Stars
1 - Tyson Jost (MTL)
2 - Jonathan Marchessault (MTL)
3 - Filip Forsberg (MTL)
Power Play
Boston Bruins - 0 on 3 Attempt(s) - 0.00%
Montreal Canadiens - 2 on 4 Attempt(s) - 50.00%
Penalty Kill
Boston Bruins - 2 on 4 Attempt(s) - 50.00%
- Score 0 goal in Penalty Kill
Montreal Canadiens - 3 on 3 Attempt(s) - 100.00%
- Score 0 goal in Penalty Kill
Team Stat
Boston Bruins - Hits : 21 - Faceoff Wins : 23 - Blocked Shots : 14 - Penalty Minutes : 8
Montreal Canadiens - Hits : 20 - Faceoff Wins : 40 - Blocked Shots : 10 - Penalty Minutes : 6
Official
Referees : Frederick L'Ecuyer and Marc Joannette
Linesman : Shane Heyer and Mark Wheler
Game Notes
No Game Note
Finance
Level 1 -- Attendance: 6000 (100.00%) -- Ticket Income $540,000
Level 2 -- Attendance: 5000 (100.00%) -- Ticket Income $250,000
Level 3 -- Attendance: 2961 (98.70%) -- Ticket Income $88,830
Level 4 -- Attendance: 5000 (100.00%) -- Ticket Income $100,000
Luxury Box -- Attendance: 939 (93.90%) -- Ticket Income $183,105
Game was played at the Bell Centre.
Total Attendance: 19900 (99.50%)
Total Ticket Income: $1,161,935
Other Income: $406,677
Total Income: $1,568,612
Boston Bruins
5 vs 5 Forward
Center Left Wing Right Wing Time % Phy DF OF
1 Pavel Zacha Brandon Hagel Phil Kessel 30 1 2 2
2 Ryan Donato Anthony Beauvillier Joel Farabee 30 1 2 2
3 Joe Veleno John-Jason Peterka Nicholas Merkley 25 1 2 2
4 Dylan Gambrell Austin Wagner Mathieu Olivier 15 1 2 2
5 vs 5 Defense
Defense Defense Time % Phy DF OF
1 Charlie McAvoy Tyson Barrie 30 1 2 2
2 Sean Durzi Samuel Girard 30 1 2 2
3 Matt Grzelcyk Victor Mete 25 1 2 2
4 Charlie McAvoy Tyson Barrie 15 1 2 2
PowerPlay Forward
Center Left Wing Right Wing Time % Phy DF OF
1 Pavel Zacha Brandon Hagel Phil Kessel 50 1 2 2
2 Ryan Donato Anthony Beauvillier Joel Farabee 50 1 2 2
PowerPlay Defense
Defense Defense Time % Phy DF OF
1 Charlie McAvoy Tyson Barrie 50 1 2 2
2 Sean Durzi Samuel Girard 50 1 2 2
Penalty Kill 4 Players Forward
Center Wing Time % Phy DF OF
1 Brandon Hagel Pavel Zacha 50 1 2 2
2 Phil Kessel Anthony Beauvillier 50 1 2 2
Penalty Kill 4 Players Defense
Defense Defense Time % Phy DF OF
1 Charlie McAvoy Tyson Barrie 50 1 2 2
2 Sean Durzi Samuel Girard 50 1 2 2
Penalty Kill - 3 Players Forward
Forward Time % Phy DF OF
1 Brandon Hagel 50 1 2 2
2 Pavel Zacha 50 1 2 2
Penalty Kill - 3 Players Defense
Defense Defense Time % Phy DF OF
1 Charlie McAvoy Tyson Barrie 50 1 2 2
2 Sean Durzi Samuel Girard 50 1 2 2
4 vs 4 Forward
Center Wing Time % Phy DF OF
1 Brandon Hagel Pavel Zacha 50 1 2 2
2 Phil Kessel Anthony Beauvillier 50 1 2 2
4 vs 4 Defense
Defense Defense Time % Phy DF OF
1 Charlie McAvoy Tyson Barrie 50 1 2 2
2 Sean Durzi Samuel Girard 50 1 2 2
Last Minutes Offensive
Center Left Wing Right Wing Defense Defense
Pavel Zacha Brandon Hagel Phil Kessel Charlie McAvoy Tyson Barrie
Last Minutes Defensive
Center Left Wing Right Wing Defense Defense
Pavel Zacha Brandon Hagel Phil Kessel Charlie McAvoy Tyson Barrie
Goaltenders
Starting : Pyotr Kochetkov
Backup : Kyle Keyser
Extra Forwards
Normal : John-Jason Peterka, Nicholas Merkley, Joe Veleno - PP : John-Jason Peterka, Nicholas Merkley - PK : Joe Veleno
Extra Defensemen
Normal : Matt Grzelcyk, Victor Mete, Sean Durzi - PP : Matt Grzelcyk - PK : Victor Mete, Sean Durzi
Penalty Shots
Brandon Hagel, Pavel Zacha, Phil Kessel, Anthony Beauvillier, Joel Farabee
Montreal Canadiens
5 vs 5 Forward
Center Left Wing Right Wing Time % Phy DF OF
1 Sidney Crosby Filip Forsberg Patrik Laine 39 1 2 2
2 Tyson Jost Jonathan Marchessault Martin Necas 30 1 2 2
3 Jake Evans Tomas Nosek Christian Fischer 20 1 2 2
4 Vladislav Namestnikov Miles Wood Evgeni Dadonov 11 1 2 2
5 vs 5 Defense
Defense Defense Time % Phy DF OF
1 Adam Fox Brady Skjei 37 1 2 2
2 Filip Hronek Tyler Myers 30 1 2 2
3 Marco Scandella Scott Mayfield 18 1 4 0
4 Adam Fox Brady Skjei 15 1 2 2
PowerPlay Forward
Center Left Wing Right Wing Time % Phy DF OF
1 Sidney Crosby Filip Forsberg Patrik Laine 65 0 1 4
2 Jake Evans Jonathan Marchessault Martin Necas 35 0 1 4
PowerPlay Defense
Defense Defense Time % Phy DF OF
1 Adam Fox Filip Hronek 70 0 1 4
2 Brady Skjei Tyler Myers 30 0 1 4
Penalty Kill 4 Players Forward
Center Wing Time % Phy DF OF
1 Jake Evans Christian Fischer 50 1 3 1
2 Tyson Jost Tomas Nosek 50 1 3 1
Penalty Kill 4 Players Defense
Defense Defense Time % Phy DF OF
1 Scott Mayfield Marco Scandella 50 1 3 1
2 Adam Fox Tyler Myers 50 1 3 1
Penalty Kill - 3 Players Forward
Forward Time % Phy DF OF
1 Jake Evans 50 1 4 0
2 Tomas Nosek 50 1 4 0
Penalty Kill - 3 Players Defense
Defense Defense Time % Phy DF OF
1 Scott Mayfield Marco Scandella 50 1 3 1
2 Adam Fox Tyler Myers 50 1 3 1
4 vs 4 Forward
Center Wing Time % Phy DF OF
1 Sidney Crosby Filip Forsberg 60 1 1 3
2 Martin Necas Patrik Laine 40 1 1 3
4 vs 4 Defense
Defense Defense Time % Phy DF OF
1 Adam Fox Brady Skjei 55 1 2 2
2 Filip Hronek Tyler Myers 45 1 2 2
Last Minutes Offensive
Center Left Wing Right Wing Defense Defense
Sidney Crosby Patrik Laine Filip Forsberg Filip Hronek Adam Fox
Last Minutes Defensive
Center Left Wing Right Wing Defense Defense
Tyson Jost Tomas Nosek Jake Evans Adam Fox Scott Mayfield
Goaltenders
Starting : Jacob Markstrom
Backup : David Rittich
Extra Forwards
Normal : Sidney Crosby, Martin Necas, Filip Forsberg - PP : Martin Necas, Patrik Laine - PK : Christian Fischer
Extra Defensemen
Normal : Adam Fox, Filip Hronek, Brady Skjei - PP : Adam Fox - PK : Adam Fox, Tyler Myers
Penalty Shots
Sidney Crosby, Patrik Laine, Filip Forsberg, Jonathan Marchessault, Tomas Nosek
% Time on Ice - Boston Bruins
Lines # - Real PCT - Wanted PCT - Time Play
Normal Forward
1 - 29% - 30% - 14:15
2 - 28% - 30% - 14:08
3 - 23% - 25% - 11:42
4 - 20% - 15% - 9:48
Normal Defense
1 - 30% - 30% - 15:10
2 - 32% - 30% - 16:06
3 - 25% - 25% - 12:26
4 - 12% - 15% - 6:11
PP Forward
1 - 49% - 50% - 2:56
2 - 51% - 50% - 3:01
PP Defense
1 - 38% - 50% - 2:14
2 - 62% - 50% - 3:43
PK Forward
1 - 43% - 50% - 1:47
2 - 57% - 50% - 2:23
PK Defense
1 - 66% - 50% - 2:45
2 - 34% - 50% - 1:25
PK3 Forward
1 - 0% - 50%
2 - 0% - 50%
PK3 Defense
1 - 0% - 50%
2 - 0% - 50%
44 Forward
1 - 0% - 50%
2 - 0% - 50%
44 Defense
1 - 0% - 50%
2 - 0% - 50%
Last Minute Offensive - 0:00
Last Minute Defensive - 0:00
Total
Forward - 60:00
Defense - 60:00
|
% Time on Ice - Montreal Canadiens
Lines # - Real PCT - Wanted PCT - Time Play
Normal Forward
1 - 34% - 39% - 16:58
2 - 30% - 30% - 14:58
3 - 18% - 20% - 8:56
4 - 18% - 11% - 9:01
Normal Defense
1 - 32% - 37% - 16:07
2 - 34% - 30% - 17:10
3 - 22% - 18% - 11:13
4 - 11% - 15% - 5:23
PP Forward
1 - 28% - 65% - 1:11
2 - 72% - 35% - 2:59
PP Defense
1 - 69% - 70% - 2:52
2 - 31% - 30% - 1:18
PK Forward
1 - 51% - 50% - 3:01
2 - 49% - 50% - 2:56
PK Defense
1 - 33% - 50% - 1:59
2 - 67% - 50% - 3:58
PK3 Forward
1 - 0% - 50%
2 - 0% - 50%
PK3 Defense
1 - 0% - 50%
2 - 0% - 50%
44 Forward
1 - 0% - 60%
2 - 0% - 40%
44 Defense
1 - 0% - 55%
2 - 0% - 45%
Last Minute Offensive - 0:00
Last Minute Defensive - 0:00
Total
Forward - 60:00
Defense - 60:00
|
Play-by-Play
1st period
0:01 of 1st period - Sidney Crosby wins face-off versus Brandon Hagel in neutral zone.
0:09 of 1st period - Minor Penalty to Sidney Crosby for Goalie Interference.
0:10 of 1st period - Jake Evans wins face-off versus Pavel Zacha in Montreal Canadiens zone.
1:35 of 1st period - Icing by Sean Durzi.
1:36 of 1st period - Jake Evans wins face-off versus Pavel Zacha in Boston Bruins zone.
1:47 of 1st period - Tyler Myers is hit by Anthony Beauvillier and loses puck.
2:09 of 1st period - Penalty to Sidney Crosby is over, Sidney Crosby is back on ice.
2:28 of 1st period - Joe Veleno is hit by Scott Mayfield and loses puck.
2:48 of 1st period - Snap shot by Miles Wood.
2:48 of 1st period - Stopped by Pyotr Kochetkov with a rebound.
2:56 of 1st period - Wrist shot by Miles Wood.
2:56 of 1st period - Shot Blocked by Charlie McAvoy.
2:58 of 1st period - Snap shot by Vladislav Namestnikov.
2:58 of 1st period - Stopped by Pyotr Kochetkov with a rebound.
3:29 of 1st period - Snap shot by Anthony Beauvillier.
3:29 of 1st period - Deflect By Ryan Donato.
3:29 of 1st period - Shot Blocked by Tomas Nosek.
3:29 of 1st period - Puck is out of play.
3:30 of 1st period - Sidney Crosby wins face-off versus Ryan Donato in Montreal Canadiens zone.
4:06 of 1st period - Slapshot by Brandon Hagel.
4:06 of 1st period - Stopped by Jacob Markstrom without a rebound.
4:07 of 1st period - Tyson Jost wins face-off versus Pavel Zacha in Montreal Canadiens zone.
4:56 of 1st period - Adam Fox is hit by Austin Wagner and loses puck.
5:19 of 1st period - Snap shot by Evgeni Dadonov.
5:19 of 1st period - Stopped by Pyotr Kochetkov with a rebound.
5:21 of 1st period - Slapshot by Filip Hronek.
5:21 of 1st period - Stopped by Pyotr Kochetkov with a rebound.
5:23 of 1st period - Slapshot by Filip Hronek.
5:23 of 1st period - Shot Misses the Net.
5:25 of 1st period - Wrist shot by Vladislav Namestnikov.
5:25 of 1st period - Shot Blocked by Sean Durzi.
5:37 of 1st period - Pavel Zacha is hit by Jonathan Marchessault and loses puck.
6:06 of 1st period - Snap shot by Patrik Laine.
6:06 of 1st period - Shot Blocked by Anthony Beauvillier.
6:08 of 1st period - Snap shot by Tyler Myers.
6:08 of 1st period - Stopped by Pyotr Kochetkov with a rebound.
6:10 of 1st period - Slapshot by Sidney Crosby.
6:10 of 1st period - Shot Misses the Net.
6:12 of 1st period - Wrist shot by Patrik Laine.
6:12 of 1st period - Stopped by Pyotr Kochetkov without a rebound.
6:13 of 1st period - Jake Evans wins face-off versus Joe Veleno in Boston Bruins zone.
6:14 of 1st period - Slapshot by Adam Fox.
6:14 of 1st period - Deflect By Charlie McAvoy.
6:14 of 1st period - Stopped by Pyotr Kochetkov with a rebound.
6:16 of 1st period - Slapshot by Adam Fox.
6:16 of 1st period - Shot Blocked by John-Jason Peterka.
6:18 of 1st period - Slapshot by Brady Skjei.
6:18 of 1st period - Stopped by Pyotr Kochetkov with a rebound.
6:34 of 1st period - Minor Penalty to Charlie McAvoy for High sticking.
6:35 of 1st period - Pavel Zacha wins face-off versus Filip Forsberg in Boston Bruins zone.
6:45 of 1st period - Snap shot by Filip Forsberg.
6:45 of 1st period - Goal by Filip Forsberg - Boston Bruins : 0 - Montreal Canadiens : 1.
6:46 of 1st period - Sidney Crosby wins face-off versus Pavel Zacha in neutral zone.
6:55 of 1st period - Snap shot by Sidney Crosby.
6:55 of 1st period - Shot Misses the Net.
7:13 of 1st period - Sean Durzi is hit by Tyson Jost and loses puck.
7:20 of 1st period - Slapshot by Samuel Girard.
7:20 of 1st period - Shot Misses the Net.
7:41 of 1st period - Snap shot by Jake Evans.
7:41 of 1st period - Shot Misses the Net.
7:51 of 1st period - Slapshot by Charlie McAvoy.
7:51 of 1st period - Deflect By Evgeni Dadonov.
7:51 of 1st period - Stopped by Jacob Markstrom with a rebound.
7:53 of 1st period - Snap shot by John-Jason Peterka.
7:53 of 1st period - Stopped by Jacob Markstrom with a rebound.
7:55 of 1st period - Slapshot by Charlie McAvoy.
7:55 of 1st period - Shot Misses the Net.
7:57 of 1st period - Snap shot by John-Jason Peterka.
7:57 of 1st period - Deflect By Joe Veleno.
7:57 of 1st period - Goal by Joe Veleno - Boston Bruins : 1 - Montreal Canadiens : 1.
7:58 of 1st period - Pavel Zacha wins face-off versus Sidney Crosby in neutral zone.
8:03 of 1st period - Wrist shot by Brandon Hagel.
8:03 of 1st period - Stopped by Jacob Markstrom without a rebound.
8:04 of 1st period - Pavel Zacha wins face-off versus Sidney Crosby in Montreal Canadiens zone.
8:09 of 1st period - Snap shot by Pavel Zacha.
8:09 of 1st period - Shot Blocked by Tyler Myers.
8:37 of 1st period - Slapshot by Jonathan Marchessault.
8:37 of 1st period - Deflect By Martin Necas.
8:37 of 1st period - Stopped by Pyotr Kochetkov without a rebound.
8:38 of 1st period - Sidney Crosby wins face-off versus Ryan Donato in Boston Bruins zone.
8:42 of 1st period - Minor Penalty to Charlie McAvoy for Hooking.
8:43 of 1st period - Brandon Hagel wins face-off versus Sidney Crosby in Boston Bruins zone.
8:51 of 1st period - Adam Fox is hit by Phil Kessel and loses puck.
8:57 of 1st period - Off-side.
8:58 of 1st period - Sidney Crosby wins face-off versus Brandon Hagel in neutral zone.
10:08 of 1st period - Sean Durzi is hit by Jonathan Marchessault and loses puck.
10:41 of 1st period - Snap shot by Martin Necas.
10:41 of 1st period - Stopped by Pyotr Kochetkov with a rebound.
10:42 of 1st period - Penalty to Charlie McAvoy is over, Charlie McAvoy is back on ice.
10:43 of 1st period - Slapshot by Filip Hronek.
10:43 of 1st period - Shot Misses the Net.
10:45 of 1st period - Snap shot by Adam Fox.
10:45 of 1st period - Stopped by Pyotr Kochetkov with a rebound.
10:49 of 1st period - Wrist shot by Jonathan Marchessault.
10:49 of 1st period - Stopped by Pyotr Kochetkov with a rebound.
10:55 of 1st period - Wrist shot by Martin Necas.
10:55 of 1st period - Shot Misses the Net.
10:57 of 1st period - Snap shot by Adam Fox.
10:57 of 1st period - Shot Misses the Net.
10:59 of 1st period - Snap shot by Jake Evans.
10:59 of 1st period - Stopped by Pyotr Kochetkov with a rebound.
11:07 of 1st period - Snap shot by Martin Necas.
11:07 of 1st period - Stopped by Pyotr Kochetkov with a rebound.
11:13 of 1st period - Snap shot by Jonathan Marchessault.
11:13 of 1st period - Stopped by Pyotr Kochetkov with a rebound.
11:15 of 1st period - Snap shot by Jake Evans.
11:15 of 1st period - Shot Misses the Net.
11:17 of 1st period - Slapshot by Filip Hronek.
11:17 of 1st period - Stopped by Pyotr Kochetkov with a rebound.
11:19 of 1st period - Snap shot by Martin Necas.
11:19 of 1st period - Deflect By Jonathan Marchessault.
11:19 of 1st period - Shot Blocked by Tyson Barrie.
11:19 of 1st period - Puck is out of play.
11:20 of 1st period - Sidney Crosby wins face-off versus Joe Veleno in Boston Bruins zone.
11:31 of 1st period - Snap shot by Patrik Laine.
11:31 of 1st period - Shot Blocked by Sean Durzi.
11:33 of 1st period - Slapshot by Scott Mayfield.
11:33 of 1st period - Stopped by Pyotr Kochetkov without a rebound.
11:34 of 1st period - Dylan Gambrell wins face-off versus Filip Forsberg in Boston Bruins zone.
11:34 of 1st period - Dylan Gambrell is hit by Sidney Crosby.
11:37 of 1st period - Minor Penalty to Austin Wagner for Interference.
11:38 of 1st period - Sidney Crosby wins face-off versus Brandon Hagel in Boston Bruins zone.
11:38 of 1st period - Slapshot by Filip Forsberg.
11:38 of 1st period - Goal by Filip Forsberg - Boston Bruins : 1 - Montreal Canadiens : 2.
11:39 of 1st period - Sidney Crosby wins face-off versus Pavel Zacha in neutral zone.
12:06 of 1st period - Icing by Scott Mayfield.
12:07 of 1st period - Vladislav Namestnikov wins face-off versus Pavel Zacha in Montreal Canadiens zone.
12:11 of 1st period - Adam Fox is hit by Charlie McAvoy and loses puck.
12:37 of 1st period - Wrist shot by Anthony Beauvillier.
12:37 of 1st period - Shot Misses the Net.
12:39 of 1st period - Slapshot by Tyson Barrie.
12:39 of 1st period - Shot Blocked by Filip Hronek.
12:41 of 1st period - Wrist shot by Joel Farabee.
12:41 of 1st period - Shot Blocked by Patrik Laine.
12:43 of 1st period - Slapshot by Charlie McAvoy.
12:43 of 1st period - Shot Blocked by Tyler Myers.
12:45 of 1st period - Wrist shot by Joel Farabee.
12:45 of 1st period - Shot Misses the Net.
12:54 of 1st period - Off-side.
12:55 of 1st period - Joe Veleno wins face-off versus Tyson Jost in neutral zone.
13:54 of 1st period - Christian Fischer is hit by Anthony Beauvillier and loses puck.
14:17 of 1st period - Adam Fox is hit by Austin Wagner and loses puck.
14:26 of 1st period - Victor Mete is hit by Miles Wood and loses puck.
14:41 of 1st period - Wrist shot by Miles Wood.
14:41 of 1st period - Deflect By Evgeni Dadonov.
14:41 of 1st period - Stopped by Pyotr Kochetkov without a rebound.
14:42 of 1st period - Sidney Crosby wins face-off versus Pavel Zacha in Boston Bruins zone.
14:51 of 1st period - Wrist shot by Patrik Laine.
14:51 of 1st period - Stopped by Pyotr Kochetkov without a rebound.
14:52 of 1st period - Sidney Crosby wins face-off versus Pavel Zacha in Boston Bruins zone.
15:15 of 1st period - Wrist shot by Sidney Crosby.
15:15 of 1st period - Deflect By Patrik Laine.
15:15 of 1st period - Shot Misses the Net.
15:15 of 1st period - Puck is out of play.
15:16 of 1st period - Ryan Donato wins face-off versus Tyson Jost in Boston Bruins zone.
16:06 of 1st period - Brandon Hagel is hit by Patrik Laine and loses puck.
16:25 of 1st period - Charlie McAvoy is hit by Tyson Jost and loses puck.
17:05 of 1st period - Off-side.
17:06 of 1st period - Ryan Donato wins face-off versus Jake Evans in neutral zone.
17:14 of 1st period - Snap shot by Christian Fischer.
17:14 of 1st period - Shot Blocked by Tyson Barrie.
17:16 of 1st period - Slapshot by Christian Fischer.
17:16 of 1st period - Stopped by Pyotr Kochetkov with a rebound.
17:18 of 1st period - Snap shot by Christian Fischer.
17:18 of 1st period - Stopped by Pyotr Kochetkov without a rebound.
17:19 of 1st period - Sidney Crosby wins face-off versus Ryan Donato in Boston Bruins zone.
17:26 of 1st period - Wrist shot by Filip Forsberg.
17:26 of 1st period - Deflect By Tyson Barrie.
17:26 of 1st period - Shot Misses the Net.
17:26 of 1st period - Puck is out of play.
17:27 of 1st period - Sidney Crosby wins face-off versus Ryan Donato in Boston Bruins zone.
17:36 of 1st period - Patrik Laine is hit by Charlie McAvoy and loses puck.
17:53 of 1st period - Backhand shot by Patrik Laine.
17:53 of 1st period - Stopped by Pyotr Kochetkov with a rebound.
17:55 of 1st period - Slapshot by Tyler Myers.
17:55 of 1st period - Deflect By Sidney Crosby.
17:55 of 1st period - Stopped by Pyotr Kochetkov without a rebound.
17:56 of 1st period - Pavel Zacha wins face-off versus Tyson Jost in Boston Bruins zone.
17:56 of 1st period - Pavel Zacha is hit by Tyson Jost.
18:26 of 1st period - Backhand shot by Charlie McAvoy.
18:26 of 1st period - Stopped by Jacob Markstrom with a rebound.
18:31 of 1st period - Off-side.
18:32 of 1st period - Sidney Crosby wins face-off versus Joe Veleno in neutral zone.
Goals for this period are 1 for Boston Bruins vs 2 for Montreal Canadiens.
Shots for this period are 6 for Boston Bruins vs 25 for Montreal Canadiens.
2nd period
0:01 of 2nd period - Sidney Crosby wins face-off versus Pavel Zacha in neutral zone.
1:36 of 2nd period - Nicholas Merkley is hit by Jonathan Marchessault and loses puck.
1:47 of 2nd period - Wrist shot by Jonathan Marchessault.
1:47 of 2nd period - Shot Blocked by Charlie McAvoy.
1:49 of 2nd period - Slapshot by Scott Mayfield.
1:49 of 2nd period - Shot Misses the Net.
2:15 of 2nd period - Wrist shot by John-Jason Peterka.
2:15 of 2nd period - Shot Misses the Net.
2:34 of 2nd period - Slapshot by Tyson Barrie.
2:34 of 2nd period - Shot Blocked by Tyson Jost.
2:52 of 2nd period - Wrist shot by Jonathan Marchessault.
2:52 of 2nd period - Stopped by Pyotr Kochetkov with a rebound.
2:54 of 2nd period - Wrist shot by Tyson Jost.
2:54 of 2nd period - Goal by Tyson Jost - Boston Bruins : 1 - Montreal Canadiens : 3.
2:55 of 2nd period - Sidney Crosby wins face-off versus Anthony Beauvillier in neutral zone.
3:07 of 2nd period - Minor Penalty to Adam Fox for Tripping.
3:08 of 2nd period - Ryan Donato wins face-off versus Jake Evans in Montreal Canadiens zone.
3:08 of 2nd period - Snap shot by Anthony Beauvillier.
3:08 of 2nd period - Stopped by Jacob Markstrom with a rebound.
3:10 of 2nd period - Slapshot by Samuel Girard.
3:10 of 2nd period - Stopped by Jacob Markstrom without a rebound.
3:11 of 2nd period - Ryan Donato wins face-off versus Jake Evans in Montreal Canadiens zone.
3:44 of 2nd period - Snap shot by Pavel Zacha.
3:44 of 2nd period - Shot Misses the Net.
5:07 of 2nd period - Penalty to Adam Fox is over, Adam Fox is back on ice.
5:54 of 2nd period - Pavel Zacha is hit by Adam Fox and loses puck.
6:05 of 2nd period - Filip Forsberg is hit by Nicholas Merkley and loses puck.
6:21 of 2nd period - Icing by Filip Hronek.
6:22 of 2nd period - Ryan Donato wins face-off versus Tyson Jost in Montreal Canadiens zone.
7:19 of 2nd period - Slapshot by Sean Durzi.
7:19 of 2nd period - Shot Misses the Net.
7:39 of 2nd period - Marco Scandella is hit by Dylan Gambrell and loses puck.
8:02 of 2nd period - Charlie McAvoy is hit by Patrik Laine and loses puck.
8:23 of 2nd period - Wrist shot by Jonathan Marchessault.
8:23 of 2nd period - Goal by Jonathan Marchessault - Boston Bruins : 1 - Montreal Canadiens : 4.
8:24 of 2nd period - Sidney Crosby wins face-off versus Pavel Zacha in neutral zone.
8:28 of 2nd period - Minor Penalty to Brandon Hagel for Roughing.
8:29 of 2nd period - Joe Veleno wins face-off versus Sidney Crosby in Boston Bruins zone.
8:59 of 2nd period - Off-side.
9:00 of 2nd period - Jake Evans wins face-off versus Joe Veleno in neutral zone.
10:27 of 2nd period - Snap shot by Martin Necas.
10:27 of 2nd period - Shot Misses the Net.
10:28 of 2nd period - Penalty to Brandon Hagel is over, Brandon Hagel is back on ice.
10:49 of 2nd period - Snap shot by Jonathan Marchessault.
10:49 of 2nd period - Stopped by Pyotr Kochetkov with a rebound.
11:00 of 2nd period - Slapshot by Tyler Myers.
11:00 of 2nd period - Shot Misses the Net.
11:02 of 2nd period - Snap shot by Martin Necas.
11:02 of 2nd period - Stopped by Pyotr Kochetkov with a rebound.
11:04 of 2nd period - Slapshot by Brady Skjei.
11:04 of 2nd period - Shot Misses the Net.
11:06 of 2nd period - Snap shot by Martin Necas.
11:06 of 2nd period - Stopped by Pyotr Kochetkov with a rebound.
11:08 of 2nd period - Slapshot by Brady Skjei.
11:08 of 2nd period - Shot Blocked by Tyson Barrie.
11:10 of 2nd period - Wrist shot by Jake Evans.
11:10 of 2nd period - Deflect By Martin Necas.
11:10 of 2nd period - Shot Misses the Net.
11:10 of 2nd period - Puck is out of play.
11:11 of 2nd period - Sidney Crosby wins face-off versus Dylan Gambrell in Boston Bruins zone.
12:54 of 2nd period - Tyson Jost is hit by Austin Wagner and loses puck.
13:26 of 2nd period - Vladislav Namestnikov is hit by Nicholas Merkley and loses puck.
15:14 of 2nd period - Snap shot by Anthony Beauvillier.
15:14 of 2nd period - Stopped by Jacob Markstrom with a rebound.
16:44 of 2nd period - Joel Farabee is hit by Jake Evans and loses puck.
16:55 of 2nd period - Patrik Laine is hit by Tyson Barrie and loses puck.
17:04 of 2nd period - Minor Penalty to Filip Forsberg for Hooking.
17:05 of 2nd period - Tyson Jost wins face-off versus Pavel Zacha in Montreal Canadiens zone.
17:18 of 2nd period - Wrist shot by Sean Durzi.
17:18 of 2nd period - Shot Blocked by Tomas Nosek.
17:20 of 2nd period - Slapshot by Sean Durzi.
17:20 of 2nd period - Stopped by Jacob Markstrom with a rebound.
18:14 of 2nd period - Jake Evans is hit by Ryan Donato.
19:04 of 2nd period - Penalty to Filip Forsberg is over, Filip Forsberg is back on ice.
19:14 of 2nd period - Jake Evans is hit by John-Jason Peterka and loses puck.
19:31 of 2nd period - Wrist shot by Miles Wood.
19:31 of 2nd period - Stopped by Pyotr Kochetkov with a rebound.
19:35 of 2nd period - Wrist shot by Evgeni Dadonov.
19:35 of 2nd period - Shot Misses the Net.
19:39 of 2nd period - Snap shot by Vladislav Namestnikov.
19:39 of 2nd period - Shot Blocked by Matt Grzelcyk.
19:53 of 2nd period - Snap shot by Dylan Gambrell.
19:53 of 2nd period - Stopped by Jacob Markstrom without a rebound.
19:54 of 2nd period - Joe Veleno wins face-off versus Tyson Jost in Montreal Canadiens zone.
Goals for this period are 0 for Boston Bruins vs 2 for Montreal Canadiens.
Shots for this period are 5 for Boston Bruins vs 7 for Montreal Canadiens.
3rd period
0:01 of 3rd period - Sidney Crosby wins face-off versus Pavel Zacha in neutral zone.
0:04 of 3rd period - Slapshot by Adam Fox.
0:04 of 3rd period - Deflect By Sidney Crosby.
0:04 of 3rd period - Stopped by Pyotr Kochetkov without a rebound.
0:05 of 3rd period - Pavel Zacha wins face-off versus Sidney Crosby in Boston Bruins zone.
0:38 of 3rd period - Snap shot by Jake Evans.
0:38 of 3rd period - Stopped by Pyotr Kochetkov with a rebound.
0:40 of 3rd period - Snap shot by Jake Evans.
0:40 of 3rd period - Stopped by Pyotr Kochetkov without a rebound.
0:41 of 3rd period - Tyson Jost wins face-off versus Ryan Donato in Boston Bruins zone.
0:56 of 3rd period - Backhand shot by Samuel Girard.
0:56 of 3rd period - Shot Misses the Net.
2:35 of 3rd period - Wrist shot by Martin Necas.
2:35 of 3rd period - Stopped by Pyotr Kochetkov without a rebound.
2:36 of 3rd period - Tyson Jost wins face-off versus Pavel Zacha in Boston Bruins zone.
2:43 of 3rd period - Slapshot by Jonathan Marchessault.
2:43 of 3rd period - Shot Misses the Net.
3:01 of 3rd period - Brandon Hagel is hit by Tyler Myers and loses puck.
3:10 of 3rd period - Tyler Myers is hit by Sean Durzi and loses puck.
3:27 of 3rd period - Patrik Laine is hit by Brandon Hagel and loses puck.
3:32 of 3rd period - Backhand shot by Brandon Hagel.
3:32 of 3rd period - Shot Misses the Net.
3:34 of 3rd period - Slapshot by Charlie McAvoy.
3:34 of 3rd period - Stopped by Jacob Markstrom without a rebound.
3:35 of 3rd period - Ryan Donato wins face-off versus Tyson Jost in Montreal Canadiens zone.
4:48 of 3rd period - Snap shot by Dylan Gambrell.
4:48 of 3rd period - Deflect By Austin Wagner.
4:48 of 3rd period - Stopped by Jacob Markstrom without a rebound.
4:49 of 3rd period - Sidney Crosby wins face-off versus Dylan Gambrell in Montreal Canadiens zone.
5:04 of 3rd period - Slapshot by Sidney Crosby.
5:04 of 3rd period - Shot Misses the Net.
5:06 of 3rd period - Wrist shot by Patrik Laine.
5:06 of 3rd period - Shot Misses the Net.
5:59 of 3rd period - Joel Farabee is hit by Miles Wood and loses puck.
6:22 of 3rd period - Snap shot by Pavel Zacha.
6:22 of 3rd period - Stopped by Jacob Markstrom with a rebound.
6:24 of 3rd period - Snap shot by Sean Durzi.
6:24 of 3rd period - Stopped by Jacob Markstrom with a rebound.
6:26 of 3rd period - Slapshot by Phil Kessel.
6:26 of 3rd period - Shot Misses the Net.
6:36 of 3rd period - Austin Wagner is hit by Tyson Jost.
6:56 of 3rd period - Jake Evans is hit by John-Jason Peterka and loses puck.
7:19 of 3rd period - Slapshot by Adam Fox.
7:19 of 3rd period - Stopped by Pyotr Kochetkov with a rebound.
7:45 of 3rd period - Charlie McAvoy is hit by Sidney Crosby and loses puck.
7:59 of 3rd period - Icing by Charlie McAvoy.
8:00 of 3rd period - Tyson Jost wins face-off versus Dylan Gambrell in Boston Bruins zone.
8:03 of 3rd period - Snap shot by Martin Necas.
8:03 of 3rd period - Stopped by Pyotr Kochetkov without a rebound.
8:04 of 3rd period - Dylan Gambrell wins face-off versus Tyson Jost in Boston Bruins zone.
8:04 of 3rd period - Dylan Gambrell is hit by Tyson Jost.
8:16 of 3rd period - Snap shot by Sean Durzi.
8:16 of 3rd period - Stopped by Jacob Markstrom with a rebound.
8:22 of 3rd period - Tyson Jost is hit by Dylan Gambrell and loses puck.
8:58 of 3rd period - Jonathan Marchessault is hit by Mathieu Olivier and loses puck.
9:18 of 3rd period - Icing by Filip Hronek.
9:19 of 3rd period - Tyson Jost wins face-off versus Pavel Zacha in Montreal Canadiens zone.
9:52 of 3rd period - Snap shot by Joel Farabee.
9:52 of 3rd period - Shot Blocked by Filip Hronek.
10:23 of 3rd period - Phil Kessel is hit by Tyson Jost and loses puck.
10:44 of 3rd period - Snap shot by Jonathan Marchessault.
10:44 of 3rd period - Stopped by Pyotr Kochetkov with a rebound.
10:46 of 3rd period - Snap shot by Jonathan Marchessault.
10:46 of 3rd period - Stopped by Pyotr Kochetkov without a rebound.
10:47 of 3rd period - Sidney Crosby wins face-off versus Ryan Donato in Boston Bruins zone.
11:41 of 3rd period - Wrist shot by Brandon Hagel.
11:41 of 3rd period - Shot Blocked by Evgeni Dadonov.
11:43 of 3rd period - Snap shot by Brandon Hagel.
11:43 of 3rd period - Shot Misses the Net.
11:53 of 3rd period - Snap shot by Dylan Gambrell.
11:53 of 3rd period - Stopped by Jacob Markstrom without a rebound.
11:54 of 3rd period - Dylan Gambrell wins face-off versus Sidney Crosby in Montreal Canadiens zone.
11:55 of 3rd period - Wrist shot by Mathieu Olivier.
11:55 of 3rd period - Stopped by Jacob Markstrom with a rebound.
11:57 of 3rd period - Slapshot by Samuel Girard.
11:57 of 3rd period - Shot Misses the Net.
12:03 of 3rd period - Slapshot by Sean Durzi.
12:03 of 3rd period - Stopped by Jacob Markstrom without a rebound.
12:04 of 3rd period - Sidney Crosby wins face-off versus Pavel Zacha in Montreal Canadiens zone.
12:08 of 3rd period - Off-side.
12:09 of 3rd period - Sidney Crosby wins face-off versus Pavel Zacha in neutral zone.
12:14 of 3rd period - Slapshot by Patrik Laine.
12:14 of 3rd period - Shot Blocked by Pavel Zacha.
12:16 of 3rd period - Snap shot by Patrik Laine.
12:16 of 3rd period - Stopped by Pyotr Kochetkov with a rebound.
13:16 of 3rd period - Brady Skjei is hit by Austin Wagner and loses puck.
13:54 of 3rd period - Snap shot by Anthony Beauvillier.
13:54 of 3rd period - Stopped by Jacob Markstrom without a rebound.
13:55 of 3rd period - Sidney Crosby wins face-off versus Ryan Donato in Montreal Canadiens zone.
13:55 of 3rd period - Sidney Crosby is hit by Joel Farabee.
14:09 of 3rd period - Snap shot by Patrik Laine.
14:09 of 3rd period - Stopped by Pyotr Kochetkov without a rebound.
14:10 of 3rd period - Pavel Zacha wins face-off versus Sidney Crosby in Boston Bruins zone.
14:17 of 3rd period - Wrist shot by Pavel Zacha.
14:17 of 3rd period - Stopped by Jacob Markstrom without a rebound.
14:18 of 3rd period - Pavel Zacha wins face-off versus Patrik Laine in Montreal Canadiens zone.
14:35 of 3rd period - Slapshot by Filip Forsberg.
14:35 of 3rd period - Stopped by Pyotr Kochetkov with a rebound.
14:51 of 3rd period - Snap shot by Filip Forsberg.
14:51 of 3rd period - Stopped by Pyotr Kochetkov without a rebound.
14:52 of 3rd period - Ryan Donato wins face-off versus Jake Evans in Boston Bruins zone.
14:59 of 3rd period - Slapshot by Joel Farabee.
14:59 of 3rd period - Stopped by Jacob Markstrom with a rebound.
15:17 of 3rd period - Joe Veleno is hit by Martin Necas and loses puck.
15:36 of 3rd period - Slapshot by Adam Fox.
15:36 of 3rd period - Shot Misses the Net.
15:38 of 3rd period - Slapshot by Adam Fox.
15:38 of 3rd period - Shot Misses the Net.
15:40 of 3rd period - Snap shot by Miles Wood.
15:40 of 3rd period - Stopped by Pyotr Kochetkov without a rebound.
15:41 of 3rd period - Vladislav Namestnikov wins face-off versus Ryan Donato in Boston Bruins zone.
15:56 of 3rd period - Wrist shot by Vladislav Namestnikov.
15:56 of 3rd period - Shot Misses the Net.
15:58 of 3rd period - Slapshot by Tyler Myers.
15:58 of 3rd period - Shot Blocked by Charlie McAvoy.
16:00 of 3rd period - Snap shot by Filip Hronek.
16:00 of 3rd period - Shot Blocked by Tyson Barrie.
16:02 of 3rd period - Slapshot by Filip Hronek.
16:02 of 3rd period - Stopped by Pyotr Kochetkov without a rebound.
16:03 of 3rd period - Sidney Crosby wins face-off versus Pavel Zacha in Boston Bruins zone.
16:06 of 3rd period - Wrist shot by Filip Forsberg.
16:06 of 3rd period - Stopped by Pyotr Kochetkov without a rebound.
16:07 of 3rd period - Sidney Crosby wins face-off versus Pavel Zacha in Boston Bruins zone.
16:14 of 3rd period - Backhand shot by Sidney Crosby.
16:14 of 3rd period - Shot Misses the Net.
16:20 of 3rd period - Backhand shot by Patrik Laine.
16:20 of 3rd period - Stopped by Pyotr Kochetkov with a rebound.
17:04 of 3rd period - Slapshot by Charlie McAvoy.
17:04 of 3rd period - Stopped by Jacob Markstrom with a rebound.
17:06 of 3rd period - Wrist shot by John-Jason Peterka.
17:06 of 3rd period - Shot Misses the Net.
17:08 of 3rd period - Slapshot by Charlie McAvoy.
17:08 of 3rd period - Shot Misses the Net.
18:02 of 3rd period - Snap shot by Miles Wood.
18:02 of 3rd period - Deflect By Evgeni Dadonov.
18:02 of 3rd period - Stopped by Pyotr Kochetkov with a rebound.
18:04 of 3rd period - Slapshot by Adam Fox.
18:04 of 3rd period - Shot Blocked by Phil Kessel.
18:10 of 3rd period - Wrist shot by Vladislav Namestnikov.
18:10 of 3rd period - Stopped by Pyotr Kochetkov with a rebound.
18:12 of 3rd period - Snap shot by Evgeni Dadonov.
18:12 of 3rd period - Goal by Evgeni Dadonov - Boston Bruins : 1 - Montreal Canadiens : 5.
18:13 of 3rd period - Anthony Beauvillier wins face-off versus Sidney Crosby in neutral zone.
18:30 of 3rd period - Slapshot by Sidney Crosby.
18:30 of 3rd period - Stopped by Pyotr Kochetkov without a rebound.
18:31 of 3rd period - Tyson Jost wins face-off versus Pavel Zacha in Boston Bruins zone.
18:46 of 3rd period - Snap shot by Jonathan Marchessault.
18:46 of 3rd period - Stopped by Pyotr Kochetkov with a rebound.
18:55 of 3rd period - Icing by Sean Durzi.
18:56 of 3rd period - Sidney Crosby wins face-off versus Ryan Donato in Boston Bruins zone.
19:23 of 3rd period - Snap shot by Sean Durzi.
19:23 of 3rd period - Deflect By Christian Fischer.
19:23 of 3rd period - Stopped by Jacob Markstrom with a rebound.
19:25 of 3rd period - Slapshot by Samuel Girard.
19:25 of 3rd period - Shot Misses the Net.
19:29 of 3rd period - Slapshot by Brandon Hagel.
19:29 of 3rd period - Deflect By Pavel Zacha.
19:29 of 3rd period - Shot Blocked by Christian Fischer.
19:29 of 3rd period - Puck is out of play.
19:30 of 3rd period - Pavel Zacha wins face-off versus Tyson Jost in Montreal Canadiens zone.
19:42 of 3rd period - Off-side.
19:43 of 3rd period - Sidney Crosby wins face-off versus Joel Farabee in neutral zone.
Goals for this period are 0 for Boston Bruins vs 1 for Montreal Canadiens.
Shots for this period are 13 for Boston Bruins vs 21 for Montreal Canadiens.
Back to the Top